AoeStats
← gob b

QS Arena

503491190Analyzed
2v2 RM · 1mo ago on Aug 31, 2026· 26m 36s· 4 players
Game mode
Random Map
Map size
Medium (4 player)
Population
200
Speed
Normal
Resources
Standard
Victory
Conquest
Starting age
Dark Age
Ending age
Imperial Age
RankedLock teamsTeams togetherTeam positionsShared explorationLock speedFull tech treeHidden civsTurbo modeCheats
Victory
Defeat
1230
+15
🇮🇳 Khitans · India
1186
+18
🇬🇧 Bulgarians · United Kingdom
1220
-17
🇬🇧 Portuguese · United Kingdom
1218
-16
gob b
8:32 Feudal Age
12:27 Castle Age
11:27 Forging
11:39 Double-Bit Axe
11:37 Domestication
12:30 Gold Mining
19:22 Scale Mail Armor
20:47 Chain Mail Armor
21:07 Iron Casting
22:56 Fletching
23:28 Bow Saw
HuNTeR <3<3<3 Chipdi
0:27 Loom
8:11 Feudal Age
13:16 Castle Age
18:04 Double-Bit Axe
18:08 Horse Collar
24:07 Imperial Age
24:13 Wheelbarrow
24:37 Bow Saw
Xeero
9:16 Feudal Age
11:22 Horse Collar
15:08 Castle Age
15:06 Double-Bit Axe
18:12 Bloodlines
18:03 Husbandry
18:11 Scale Barding Armor
18:18 Forging
19:47 Iron Casting
19:12 Scale Mail Armor
20:37 Wheelbarrow
21:08 Chain Barding Armor
Dunmer
7:59 Feudal Age
12:27 Castle Age
10:23 Double-Bit Axe
10:29 Stone Mining
10:46 Horse Collar
11:31 Loom
12:28 Gold Mining
15:14 Bow Saw
16:47 Fletching
17:49 Sanctity
18:10 Fervor
21:47 Wheelbarrow
26:46 Imperial Age
26:05 Bodkin Arrow
25:58 Town Watch
Connection lost

Rejoining the realm…

Still unreachable

The connection could not be restored.

Session expired

The server has moved on; the page needs a fresh start.